 Dungeon Crawl Stone Soup version 0.15.0-22-g71df38d (console) character file.

1081 gw the Cudgeler (level 8, -15/51 HPs)
             Began as a Gargoyle Berserker on Sept 8, 2014.
             Was an Elder of Trog.
             Killed by divine providence
             ... invoked by an orc priest
              (16 damage)
             ... on Level 7 of the Dungeon.
             The game lasted 00:04:04 (6029 turns).

gw the Cudgeler (Gargoyle Berserker)                Turns: 6029, Time: 00:04:04

HP -15/51        AC 16     Str 21      XL: 8   Next: 29%
MP   8/8         EV  9     Int  6 (8)  God: Trog [****..]
Gold 0           SH  0     Dex 11      Spells:  0 memorised,  7 levels left

rFire  . . .     SeeInvis .     t - +2 dire flail
rCold  . . .     Clarity  .     u - +0 chain mail
rNeg   + . .     rCorr    +     (no shield)
rPois  +         rRot     +     (no helmet)
rElec  +         Spirit   .     m - +0 cloak
SustAb .         Warding  .     (no gloves)
rMut   .         Stasis   .     (no boots)
Gourm  .                        v - amulet of resist corrosion
MR     +....                    (no ring)
                                e - ring of protection from magic

@: somewhat resistant to hostile enchantments, extremely unstealthy
A: repulsion field 1, negative energy resistance 1, electricity resistance,
unbreathing, evolution 1, petrification resistance, rot immunity, AC +5
a: Burn Spellbooks, Berserk, Trog's Hand, Brothers in Arms, Renounce Religion


You were on level 7 of the Dungeon.
You worshipped Trog.
Trog was greatly pleased with you.
You were not hungry.

You visited 1 branch of the dungeon, and saw 7 of its levels.

Inventory:

Hand weapons
 t - a +2 dire flail (weapon)
Missiles
 d - 6 javelins
 g - 129 stones (quivered)
 o - 6 tomahawks
Armour
 m - a +0 cloak (worn)
 u - a +0 chain mail (worn)
Magical devices
 k - a wand of disintegration (0)
 l - a wand of slowing (11)
 s - a wand of confusion (17)
Comestibles
 a - 2 chunks of orc flesh
 c - 7 bread rations
 i - 2 beef jerkies
 j - 3 meat rations
 q - a slice of pizza
Scrolls
 f - 3 scrolls of remove curse
Jewellery
 e - a ring of protection from magic (left hand)
 v - an amulet of resist corrosion (around neck)
Potions
 b - a potion of might
 h - 3 potions of resistance
 n - a potion of curing
 p - 2 potions of mutation
 r - a potion of restore abilities


   Skills:
 + Level 5.7 Fighting
 * Level 6.6 Maces & Flails
 + Level 4.2 Throwing
 + Level 4.9 Armour
 - Level 1.5 Dodging


You had 7 spell levels left.
You didn't know any spells.

Dungeon Overview and Level Annotations

Branches:
Dungeon (7/15)             Temple (0/1) D:5

Altars:
Fedhas
Makhleb
Nemelex Xobeh
Trog
Vehumet

Shops:
D:5 [


Innate Abilities, Weirdness & Mutations

You are resistant to torment.
You are immune to poison.
Your stone body is very resilient (AC +5).
You resist negative energy.
You are resistant to electric shocks.
You can survive without breathing.
You are immune to petrification.
You are immune to rotting.
You are surrounded by a mild repulsion field (EV +2).
You evolve.


Message History

You hit the orc priest but do no damage.
The kobold hits you but does no damage.
The orc priest hits you but does no damage.
The orc hits you but does no damage.
ATTACK MOVE TO (1,-1)
You hit the orc priest but do no damage.
The kobold hits you with a dagger.
The orc priest hits you but does no damage.
ATTACK MOVE TO (1,-1)
You hit the orc priest.
The orc priest is moderately wounded.
The orc hits you but does no damage. The kobold hits you but does no damage.
The orc priest hits you but does no damage.
ATTACK MOVE TO (1,-1)
You barely miss the orc priest.
The orc priest is moderately wounded.
The orc hits you but does no damage. The kobold closely misses you.
The orc priest calls down the wrath of Beogh upon you.
Something smites you!
You die...

## .#
####(####
#.%)o...#
#..9K...#
#.))o...#
#..........
#.......###
#.......#
#.......#
#########


You could see an orc priest, an orc and a kobold.

Table legend:
 A = Turns spent in this place as a percentage of turns spent in the entire game.
 B = Non-inter-level travel turns spent in this place as a percentage of non-inter-level travel turns spent in the entire game.
 C = Inter-level travel turns spent in this place as a percentage of turns spent in this place.
 D = Turns resting spent in this place as a percentage of non-inter-level travel turns spent in this place.
 E = Turns spent auto-exploring this place as a percentage of non-inter-level travel turns spent in this place.
 F = Non-inter-level travel turns spent in this place divided by the number of levels of this place that you've seen.
                   A       B       C       D       E      F
               +-------+-------+-------+-------+-------+----------------------
         Total | 100.0 | 100.0 |   0.4 |   4.2 |  17.0 | 262.3
       Dungeon | 100.0 | 100.0 |   0.4 |   4.2 |  17.0 | 262.3
               +-------+-------+-------+-------+-------+----------------------

Table legend:
 A = Kills in this place as a percentage of kills in entire the game.
 B = Kills by you in this place as a percentage of kills by you in the entire game.
 C = Kills by friends in this place as a percentage of kills by friends in the entire game.
 D = Other kills in this place as a percentage of other kills in the entire game.
 E = Experience gained in this place as a percentage of experience gained in the entire game.
 F = Experience gained in this place divided by the number of levels of this place that you have seen.
                   A       B       C       D       E      F
               +-------+-------+-------+-------+-------+----------------------
         Total | 100.0 | 100.0 | 100.0 |  -nan | 100.0 | 220.7
       Dungeon | 100.0 | 100.0 | 100.0 |  -nan | 100.0 | 220.7
               +-------+-------+-------+-------+-------+----------------------

Vanquished Creatures
  A sky beast (D:5)
  An ogre (D:5)
  A giant frog (D:6)
  A big kobold (D:7)
  An electric eel (D:6)
  2 crimson imps
  3 orc priests
  An iguana (D:4)
  4 hounds
  An orc wizard (D:4)
  4 worker ants
  8 adders
  A giant mite (D:2)
  3 gnolls (D:3)
  A shadow imp (D:5)
  3 worms
  6 giant geckos
  An ooze (D:3)
  13 orcs
  10 bats
  6 giant cockroaches
  11 hobgoblins
  3 jackals (D:2)
  3 quokkas
  6 giant newts
  8 goblins
  2 goblin skeletons
  A hobgoblin skeleton (D:5)
  23 kobolds
  A kobold skeleton (D:5)
  9 rats
  A rat skeleton (D:5)
140 creatures vanquished.

Vanquished Creatures (collateral kills)
  Edmund (D:4)
1 creature vanquished.

Grand Total: 141 creatures vanquished

Notes
Turn   | Place    | Note
--------------------------------------------------------------
     0 | D:1      | gw, the Gargoyle Berserker, began the quest for the Orb.
     0 | D:1      | Reached XP level 1. HP: 14/14 MP: 1/1
   372 | D:1      | Reached XP level 2. HP: 19/19 MP: 2/2
   537 | D:1      | Acquired Trog's second power
  1156 | D:2      | Reached XP level 3. HP: 19/23 MP: 3/3
  1330 | D:2      | Reached skill level 1 in Throwing
  1850 | D:2      | Reached XP level 4. HP: 29/29 MP: 4/4
  2099 | D:3      | Found a blossoming altar of Fedhas.
  2367 | D:3      | HP: 1/29 [adder (2)]
  2368 | D:3      | Reached skill level 4 in Maces & Flails
  2570 | D:3      | Found a radiant altar of Vehumet.
  2580 | D:3      | Found a bloodstained altar of Trog.
  2797 | D:3      | Reached XP level 5. HP: 33/33 MP: 5/5
  3259 | D:4      | Found a sparkling altar of Nemelex Xobeh.
  3695 | D:4      | Reached XP level 6. HP: 37/39 MP: 6/6
  3746 | D:4      | Acquired Trog's third power
  3757 | D:4      | Noticed Edmund
  3799 | D:4      | Killed Edmund
  3799 | D:4      | Reached skill level 5 in Maces & Flails
  4505 | D:5      | Entered Level 5 of the Dungeon
  4519 | D:5      | Reached XP level 7. HP: 40/44 MP: 7/7
  4697 | D:5      | Reached skill level 5 in Fighting
  4749 | D:5      | Found a burning altar of Makhleb.
  4957 | D:5      | Found Ruunto Twek's Antique Armour Shoppe.
  5274 | D:5      | Reached skill level 6 in Maces & Flails
  5336 | D:5      | Found a staircase to the Ecumenical Temple.
  5399 | D:5      | Gained mutation: You evolve. [potion of mutation]
  5399 | D:5      | Gained mutation: You are surrounded by a mild repulsion field (EV +2). [potion of mutation]
  5573 | D:6      | Reached XP level 8. HP: 47/50 MP: 8/8
  6027 | D:7      | HP: 1/51 [kobold/dagger (2)]
  6029 | D:7      | Killed from afar by an orc priest

Action                   |  1- 3 |  4- 6 |  7- 9 || total
-------------------------+-------+-------+-------++-------
Melee: Mace              |    97 |    86 |       ||   183
       Dire flail        |       |    15 |   134 ||   149
Throw: Stone             |    92 |   172 |    79 ||   343
Invok: Trog's Hand       |       |     2 |       ||     2
       Berserk           |       |     1 |       ||     1
       Brothers in Arms  |       |     1 |       ||     1
Evoke: Wand              |       |    11 |     1 ||    12
  Use: Potion            |     3 |     5 |     3 ||    11
       Scroll            |     2 |     8 |     4 ||    14
  Eat: Chunk             |     3 |     9 |     6 ||    18

Vault maps used:
D:1:      tarquinn_simple_flora_water_a
D:3:      overflow_temple_1_default, grunt_temple_overflow_open, first_bread
D:4:      wad_floor_pattern_1, nemelex_spade_bored_becter, uniq_edmund
D:5:      overflow_temple_1_default, temple_hall, serial_shops, shop,
          glass_columns_b
D:6:      nrook_pool_corridor
D:7:      grunt_livestock, minivault_23, uniq_prince_ribbit1
